Unix NetHack Version 3.7.0-51 Work-in-progress - last build Mar 7 2022 13:06:07 (ce1e6a145e5d3e7dd6f4b57ba37794bc207988de,branch:master). Game began 2022-03-10 21:33:02, ended 2022-03-11 12:16:28. spontiff, neutral male gnomish Healer ------- --- ------ ......G ..(.......## ##*#..... #|(((.|------ ---- ...d... ....|.......*###......0..## |(((.-.|...| -------..-- ....... ........................-. #|(((.|.|...|#..........-----+- ..|.... ------.......................---------.-.|-. --..)[).).......| ##* |....|.................G...................----....{.....----- @ #.. |..$.-.....................|-..---.-...-|-...............[..| o#d... h B |(...|....................-|.....--...|..|--..|.......).-|..| #0.... ------...................-.-. |...-|..|..|-...|-...---.------ 0....-----------##...........-...)-......---...--.----....--------|--- #....|.$.......|##.........-|..|..---|..........|...|......|.| |....| 0)...|($.......|.......{....|....| ----...........---..).|.-- |.$..| )....--|--------...*...........-..--- --.---...........).|..| ------ #...................................| |.| ----.....|..[.|..----- *..............|.......|...*###.....| |.| --...-.--..|....|.---- #........$.............. ##..-..| ---|--- --..| #---|.........|-- #............|..**#0......... #.----- |.....| |..| # ----.....-|.-- 0.........|......###*#.(...>.#*# |.._..| |..|---.-----.|....|..-- ......)........*#*## ....-..###) |.....| |..--.........|---....[| #........).--...#*#** *###*### # ------- --.......------ ---..<| --------- ----- Spontiff the Rhizotomist St:9 Dx:10 Co:13 In:8 Wi:17 Ch:18 Neutral S:350 Dlvl:7 $:0 HP:0(27) Pw:7(7) AC:-6 Xp:1/0 T:4554 Burdened Latest messages: The large dog bites spontiff's ghost. Spontiff's ghost touches the large dog. The large dog misses spontiff's ghost. Spontiff's ghost touches you! The large dog misses spontiff's ghost. The hill orc shoots an arrow! An arrow misses you. The large dog misses spontiff's ghost. The large dog misses spontiff's ghost. Spontiff's ghost touches you! The large dog misses spontiff's ghost. The large dog misses spontiff's ghost. The large dog misses spontiff's ghost. The large dog misses spontiff's ghost. Spontiff's ghost touches you! The large dog misses spontiff's ghost. The large dog misses spontiff's ghost. The large dog misses spontiff's ghost. The large dog misses spontiff's ghost. The large dog misses spontiff's ghost. The large dog misses spontiff's ghost. The large dog misses spontiff's ghost. Spontiff's ghost touches you! The hill orc shoots an arrow! An arrow misses you. The large dog misses spontiff's ghost. The large dog misses spontiff's ghost. The hill orc wields a broad pick! The large dog misses spontiff's ghost. Spontiff's ghost touches you! The large dog misses spontiff's ghost. Spontiff's ghost touches you! The hill orc swings her broad pick. The hill orc hits! The large dog misses spontiff's ghost. Spontiff's ghost touches you! The hill orc swings her broad pick. The hill orc hits! The large dog misses spontiff's ghost. The hill orc swings her broad pick. The hill orc misses! The large dog misses spontiff's ghost. The large dog misses spontiff's ghost. The large dog bites spontiff's ghost. Spontiff's ghost misses the large dog. The hill orc swings her broad pick. The hill orc hits! You die... Do you want your possessions identified? [ynq] (y) y Do you want to see the dungeon overview? [ynq] (y) y Major events: Turn 1: spontiff the neutral male gnomish Healer entered the dungeon 1354: entered the Gnomish Mines 3500: reached Mine Town 4554: killed by a hill orc, while sleeping Inventory: Armor h - an uncursed +0 orcish helm (being worn) g - an uncursed +1 pair of leather gloves (being worn) v - an uncursed +1 pair of iron shoes (being worn) q - an uncursed +0 dwarvish cloak (being worn) d - an uncursed +0 studded leather armor (being worn) Comestibles y - an uncursed apple n - an uncursed food ration Potions c - an uncursed potion of extra healing Wands S - an uncursed wand of sleep (0:4) Tools f - an uncursed bag of holding containing 30 items t - an uncursed blindfold z - an uncursed leash k - an uncursed skeleton key s - an uncursed stethoscope o - an uncursed tin whistle Gems/Stones E - an uncursed aquamarine stone j - an uncursed touchstone Contents of the bag of holding: 450 gold pieces an uncursed +0 dart an uncursed +0 pair of gauntlets of power an uncursed +0 pair of leather gloves an uncursed +0 mummy wrapping an uncursed food ration an uncursed scroll of blank paper an uncursed scroll of enchant weapon a cursed scroll of enchant weapon an uncursed scroll of identify an uncursed scroll of identify an uncursed scroll of light an uncursed scroll of teleportation a cursed spellbook of confuse monster an uncursed spellbook of create familiar a cursed spellbook of extra healing a blessed spellbook of healing a cursed spellbook of healing an uncursed spellbook of magic missile an uncursed spellbook of magic missile a cursed spellbook of stone to flesh a cursed spellbook of wizard lock a cursed potion of confusion an uncursed potion of hallucination a blessed potion of healing a blessed potion of levitation an uncursed potion of levitation an uncursed ring of free action an empty uncursed sack an uncursed +0 pick-axe Spontiff the Healer's attributes: Background: You were a Rhizotomist, a level 1 male gnomish Healer. You were neutral, on a mission for Hermes who was opposed by Athena (lawful) and Poseidon (chaotic). You were in the Gnomish Mines, on level 7. You entered the dungeon 4554 turns ago. You had 0 experience points, 20 were needed to attain level 2. Your score was 350 before end-of-game adjustments. Basics: You had 0 out of 27 hit points. You had all 7 energy points (spell power). Your armor class was -6. Your wallet was empty. Autopickup was on for '$!/="?' plus thrown, with exceptions. Final Characteristics: Your strength was 9 (limit:18/50). Your dexterity was 10 (limit:18). Your constitution was 13 (limit:18). Your intelligence was 8 (limit:19). Your wisdom was 17 (limit:18). Your charisma was 18 (limit:18). Final Status: You were not hungry. You were burdened; movement was slightly slowed. You were empty handed. You were unskilled in bare handed combat. Final Attributes: You were devoutly aligned. You were poison resistant. You had infravision. You had a moderate defense bonus (+7). You were warded. You are dead. Miscellaneous: You encountered 1 bones level. Total elapsed playing time was 1 hour and 48 seconds. Vanquished creatures: a leprechaun a bugbear 2 rock piercers a shrieker 2 gnome leaders a gnomish wizard 2 gray oozes a paper golem a little dog 4 dwarves 3 homunculi a kobold leader 3 hill orcs 2 giant bats an orc zombie a wererat a werejackal 3 iguanas an acid blob a gas spore 3 hobbits 2 large kobolds 5 hobgoblins 3 giant rats 2 cave spiders 2 yellow molds 2 red molds 6 gnomes a garter snake a gnome zombie a gecko 11 jackals a fox 4 kobolds 3 goblins a sewer rat 5 grid bugs a bat 5 lichens a kobold zombie 6 newts 99 creatures vanquished. No species were genocided or became extinct. Voluntary challenges: You never hit with a wielded weapon. You were a pacifist. You were illiterate. You never engraved Elbereth. You never genocided any monsters. You never polymorphed an object. You never changed form. You used no wishes. Achievements: You entered the Gnomish Mines. You entered Minetown. You entered a shop. You entered a temple. The Dungeons of Doom: levels 1 to 5 Level 1: A fountain. Level 2: A fountain, a grave. Level 3: Level 4: A fountain. Stairs down to The Gnomish Mines. Level 5: The Gnomish Mines: levels 5 to 8 Level 5: Level 6: "magic trap" Level 7: <- You were here. Many shops, a temple, many fountains, a grave. Final resting place for you, killed by a hill orc, while sleeping, spontiff-Hea-Gno-Mal-Neu, killed by a dagger, nurdglaw-Hea-Hum-Fem-Neu, killed by a gnome. Level 8: Game over: ---------- / \ / REST \ / IN \ / PEACE \ / \ | spontiff | | 450 Au | | killed by a hill | | orc | | | | | | 2022 | *| * * * | * _________)/\\_//(\/(/\)/\//\/|_)_______ Goodbye spontiff the Healer... You died in The Gnomish Mines on dungeon level 7 with 350 points, and 450 pieces of gold, after 4554 moves. You were level 1 with a maximum of 27 hit points when you died.